 Dungeon Crawl Stone Soup version 0.30-a0-782-ge64f9170bb (webtiles) character file.

Game seed: 13823969296128734751

49 senseless the Trooper (level 3, -1/29 HPs)
             Began as a Demonspawn Fighter on Mar 17, 2023.
             Shot with a sling bullet by a goblin (2 damage)
             ... led by Robin
             ... on level 2 of the Dungeon.
             The game lasted 00:02:03 (824 turns).

senseless the Trooper (Demonspawn Fighter)           Turns: 824, Time: 00:02:03

Health: -1/29      AC:  9    Str: 18    XL:     3   Next: 51%
Magic:  3/3        EV:  6    Int:  9    God:
Gold:   43         SH:  4    Dex: 12    Spells: 2/2 levels left

rFire   . . .      SeeInvis .    a - +0 war axe
rCold   . . .      Faith    .    c - +0 buckler
rNeg    . . .      Spirit   .    e - +0 chain mail
rPois   .          Reflect  .    (helmet restricted)
rElec   .          Harm     .    (no cloak)
rCorr   .          Rampage  .    (no gloves)
Will    .....                    (no boots) Stlth
                                 (no amulet)
HPRegen 0.24/turn                (no ring)
MPRegen 0.08/turn                (no ring)

@: mighty
A: antennae 1, ignite blood 1
a: no special abilities


You were on level 2 of the Dungeon.
You visited 1 branch of the dungeon, and saw 2 of its levels.

You collected 43 gold pieces.

Inventory:

Hand Weapons
 a - a +0 war axe (weapon)
Missiles
 f - 5 javelins (quivered)
Armour
 c - a +0 buckler (worn)
 e - a +0 chain mail (worn)
 g - a +0 helmet
Scrolls
 h - a scroll of immolation {unknown}
 j - a scroll of brand weapon {unknown}
 k - a scroll of identify {unknown}
Potions
 b - a potion of brilliance {unknown}
 i - a potion of invisibility {unknown}


   Skills:
 + Level 3.4 Fighting
 + Level 2.3 Axes
 + Level 3.1 Armour
 + Level 3.1 Shields


You had 2 spell levels left.
You didn't know any spells.
Your spell library was empty.

Dungeon Overview and Level Annotations

Branches:
Dungeon (2/15)

Altars:

Annotations:
D:2 Robin


Innate Abilities, Weirdness & Mutations

You have a pair of small antennae on your head.
Your demonic aura sometimes causes spilled blood to erupt in flames.


Message History

You are too injured to fight recklessly!
You are too injured to fight recklessly!
You are too injured to fight recklessly!
You are too injured to fight recklessly!
You are too injured to fight recklessly!
You are too injured to fight recklessly!
You are too injured to fight recklessly!
You are too injured to fight recklessly!
You hit the hobgoblin.
The hobgoblin is severely wounded.
You slash the goblin!
You kill the goblin!
Robin hits you from afar with a +0 spear.
* * * LOW HITPOINT WARNING * * *
The hobgoblin hits you but does no damage.
The hobgoblin completely misses you.
Robin hits you from afar with a +0 spear.
* * * LOW HITPOINT WARNING * * *
The goblin hits you but does no damage.
You feel very mighty all of a sudden.
The hobgoblin hits you but does no damage.
The goblin closely misses you. Robin closely misses you.
You slash the hobgoblin!
You kill the hobgoblin!
You barely miss the goblin. Robin throws the goblin at you!
* * * LOW HITPOINT WARNING * * *
You barely miss the goblin.
The goblin no longer looks unusually strong.
The hobgoblin no longer looks unusually strong.
Robin hits you but does no damage. The goblin hits you but does no damage.
The goblin shoots a sling bullet.
The sling bullet hits you but does no damage.
The goblin hits you but does no damage.
The goblin shoots a sling bullet.
The sling bullet barely misses you.
You barely miss the goblin.
The goblin no longer looks unusually strong.
The goblin hits you with a +0 club.
* * * LOW HITPOINT WARNING * * *
The goblin shoots a sling bullet.
The sling bullet hits you.
You die...

#.#.##....
##.#.# #
##....#
#.....#
#....##
#.#.##
#.#.#
####.#.#
#..@g#.#
#.###.#.#
#g)g#
{.g..?..
g#........
#.#.#..##..
. ..#..# .
## #.#.?#
......


You could see Robin, a hobgoblin (strong) and 2 goblins.

Vanquished Creatures
  An adder (D:2)
  2 dart slugs
  3 endoplasms (D:1)
  2 giant cockroaches (D:1)
  8 goblins
  4 hobgoblins
  5 ball pythons (D:1)
  2 bats (D:1)
  3 frilled lizards
  2 kobolds (D:1)
  3 rats
35 creatures vanquished.

Notes
Turn   | Place    | Note
-------+----------+-------------------------------------------
     0 | D:1      | senseless the Demonspawn Fighter began the quest for the
                  | Orb.
     0 | D:1      | Reached XP level 1. HP: 18/18 MP: 1/1
    37 | D:1      | You fall into a shaft and drop 1 floor!
    50 | D:1      | Found a faded altar of an unknown god.
    63 | D:1      | Gained mutation: Your demonic aura sometimes causes spilled
                  | blood to erupt in flames. [demonic ancestry]
    63 | D:1      | Reached XP level 2. HP: 18/24 MP: 2/2
   732 | D:2      | Gained mutation: You have a pair of small antennae on your
                  | head. [demonic ancestry]
   732 | D:2      | Reached XP level 3. HP: 29/29 MP: 3/3
   809 | D:2      | Noticed Robin
   824 | D:2      | HP: 1/29 [goblin/+0 club[Robin] (3)]
   824 | D:2      | Shot with a sling bullet by a goblin

Illustrated notes

Levels and vault maps discovered:
D:1:      lightli_iron_boxes, layout_basic,
          hellmonk_ecumenical_altar_arch_garden, nicolae_titane
D:2:      layout_loops_ring, uniq_robin, uniq_natasha

Skill      XL: |  1  2 |
---------------+-------+-----
Axes           | 2 |  2.3
Shields        | 3 |  3.1
Armour         | 3 |  3.1
Fighting       | |  3.4

Action                     || total
---------------------------++-------
  Melee: War axe           ||    92
    Use: Potion            ||     1
 Armour: Scale mail        ||    11
         Chain mail        ||    55
  Dodge: Dodged            ||    42
  Block: Buckler           ||    19

Table legend: (Time is in decaauts)
 A = Elapsed time spent in this place.
 B = Non-inter-level travel time spent in this place.
 C = Inter-level travel time spent in this place.
 D = Time resting spent in this place.
 E = Time spent auto-exploring this place.
 F = Levels seen in this place.
 G = Mean time per level.
                   A        B        C        D        E       F      G
               +--------+--------+--------+--------+--------+-----+--------+
         Total |    862 |    802 |     60 |      0 |    552 |   2 |  431.0 |
       Dungeon |    862 |    802 |     60 |      0 |    552 |   2 |  431.0 |
               +--------+--------+--------+--------+--------+-----+--------+

Top non-repeatable levels by time:
     D:1: 699 daAuts
     D:2: 162 daAuts
